 Dungeon Crawl Stone Soup version 0.31-a0-1008-g5b978dac0e (webtiles) character file.

Game seed: 14645490873244295752

60851 tilp the Covert (level 14, -3/115 HPs)
             Began as a Vampire Enchanter on Nov 11, 2023.
             Was the Champion of Wu Jian.
             Slain by a komodo dragon (25 damage)
             ... on level 5 of the Lair of Beasts on Nov 12, 2023.
             The game lasted 00:47:48 (27008 turns).

tilp the Covert (Vampire Enchanter)                Turns: 27008, Time: 00:47:48

Health: -3/115     AC: 12    Str:  7    XL:     14   Next: 58%
Magic:  26/26      EV: 16    Int: 23    God:    Wu Jian [******]
Gold:   1394       SH:  0    Dex: 14    Spells: 15/29 levels left

rFire   . . .        a - +1 dagger (protect)
rCold   . . .        (no shield)
rNeg    . . .        H - +2 robe {Will+}
rPois   +            p - +0 helmet
rElec   .            E - +0 cloak {Stlth+}
rCorr   .            N - +1 pair of gloves
SInv    +            (no boots)
Will    ++...        (no amulet)
Stlth   ++           O - +4 ring of protection
HPRegen 0.59/turn    F - ring of poison resistance
MPRegen 0.20/turn

%: no passive effects
@: confused, ambrosia-drunk, healing quickly, very slow
A: alive, fangs 3, see invisible, vampiric 2
a: Exsanguinate, Renounce Religion, Wall Jump, Serpent's Lash, Heavenly Storm


You were on level 5 of the Lair of Beasts.
You worshipped Wu Jian.
Wu Jian was exalted by your worship.
You visited 3 branches of the dungeon, and saw 19 of its levels.
You also visited: Bailey and Ice Cave.

You collected 1656 gold pieces.
You spent 262 gold pieces at shops.

Inventory:

Hand Weapons
 a - a +1 dagger of protection (weapon)
 D - a +2 hand cannon of freezing
Missiles
 b - 2 throwing nets
 n - a silver javelin
 u - 26 poisoned darts
 R - 10 javelins (quivered)
Armour
 o - an orb of wrath
 p - a +0 helmet (worn)
 E - a +0 cloak of stealth (worn)
 H - a +2 robe of willpower (worn)
 I - a scarf of resistance
 K - a +1 leather armour of cold resistance
 N - a +1 pair of gloves (worn)
 W - the +5 chain mail "Zuitidur" {Int+6}
   (You found it on level 3 of the Lair of Beasts)

   Int+6:     It affects your intelligence (+6).
Magical Staves
 y - a staff of death
Jewellery
 g - a +5 ring of evasion
 j - a +6 ring of intelligence
 x - a +4 ring of protection
 F - a ring of poison resistance (right hand)
 G - a ring of protection from fire
 M - a ring of fire
 O - a +4 ring of protection (left hand)
 P - the ring "Orcha" {+Blink rElec rN+ Str+3}
   (You found it in an ice cave)

   [ring of positive energy]

   Str+3:     It affects your strength (+3).
   rElec:     It insulates you from electricity.
   rN+:       It protects you from negative energy.
   +Blink:    It lets you blink.
 Q - a ring of ice
 X - a ring of protection from cold
Wands
 d - a wand of quicksilver (5)
 w - a wand of flame (10)
 A - a wand of polymorph (8)
Scrolls
 f - 6 scrolls of immolation
 q - 2 scrolls of fear
 s - 4 scrolls of vulnerability
 t - a scroll of poison
 L - a scroll of blinking
 S - 2 scrolls of fog
 T - a scroll of torment
 U - a scroll of revelation
 V - 2 scrolls of teleportation
Potions
 c - 2 potions of cancellation
 e - 5 potions of berserk rage
 h - 3 potions of enlightenment
 i - 13 potions of curing
 k - 6 potions of lignification
 l - 8 potions of might
 m - 2 potions of attraction
 r - 4 potions of heal wounds
 v - a potion of magic {unknown}
 z - 2 potions of resistance
 B - 7 potions of ambrosia
 C - 2 potions of brilliance
 J - 2 potions of mutation {unknown}


   Skills:
 - Level 12.0 Fighting
 - Level 10.0 Short Blades
 + Level 4.2 Armour
 + Level 9.9 Dodging
 + Level 14.2 Stealth
 + Level 8.4 Spellcasting
 - Level 2.0 Conjurations
 + Level 13.8 Hexes
 - Level 4.0 Ice Magic
 - Level 8.0 Evocations


You had 15 spell levels left.
You knew the following spells:

 Your Spells              Type           Power      Damage    Failure   Level
a - Ensorcelled Hibernat  Hex/Ice        100%       N/A       1%          2
b - Confusing Touch       Hex            65%        N/A       1%          3
c - Tukima's Dance        Hex            65%        N/A       1%          3
d - Dazzling Flash        Conj/Hex       92%        N/A       1%          3
e - Stone Arrow           Conj/Erth      28%        3d8       13%         3

Your spell library contained the following spells:

 Spells                   Type           Power      Damage    Failure   Level
 Freeze                   Ice            100%       1d10      1%          1
 Frozen Ramparts          Ice            56%        1d9       3%          3
 Metabolic Englaciation   Hex/Ice        25%        N/A       4%          5
 Hailstorm                Conj/Ice       23%        3d7       6%          3
 Sandblast                Erth           18%        2d7       7%          1
 Sting                    Tmut/Pois      36%        1d4       7%          1
 Static Discharge         Conj/Air       28%        3-5/arc   7%          2
 Lesser Beckoning         Tloc           18%        N/A       10%         2
 Passwall                 Tmut/Erth      7%         N/A       10%         2
 Poisonous Vapours        Pois/Air       18%        N/A       10%         2
 Sublimation of Blood     Necr           9%         N/A       10%         2
 Wereblood                Tmut           9%         N/A       10%         2
 Gell's Gravitas          Tloc           9%         N/A       21%         3
 Swiftness                Air            9%         N/A       21%         3
 Teleport Other           Tloc           9%         N/A       21%         3
 Brom's Barrelling Bould  Conj/Erth      14%        2d4       41%         4
 Airstrike                Air            4%         2d(1-17)  54%         4
 Animate Armour           Summ/Erth      18%        N/A       54%         4
 Olgreb's Toxic Radiance  Pois           9%         N/A       54%         4
 Summon Lightning Spire   Summ/Air       9%         N/A       54%         4
 Freezing Cloud           Conj/Ice/Air   9%         6-21      63%         5
 Iskenderun's Battlesphe  Conj           18%        2d7       63%         5
 Irradiate                Conj/Tmut      7%         3d14      77%         5
 Alistair's Intoxication  Tmut/Pois      6%         N/A       88%         5
 Borgnjor's Vile Clutch   Necr/Erth      4%         N/A       88%         5
 Bombard                  Conj/Erth      7%         9d2       100%        6
 Eringya's Noxious Bog    Tmut/Pois      4%         4d6       100%        6
 Plasma Beam              Fire/Air       4%         2x1d14    100%        6
 Spellforged Servitor     Conj/Summ      7%         N/A       100%        7
 Summon Hydra             Summ           4%         N/A       100%        7
 Lehudib's Crystal Spear  Conj/Erth      7%         10d3      100%        8
 Fire Storm               Conj/Fire      7%         8d2       100%        9


Dungeon Overview and Level Annotations

Branches:
Dungeon (13/15)            Temple (1/1) D:7            Lair (5/5) D:9
  Swamp (0/4) Lair:2        Snake (0/4) Lair:2        Slime (0/5) Lair:4
    Orc (0/2) D:11         Bailey (visited)           IceCv (visited)
 Vaults: D:13-14

Altars:
Ashenzari
Cheibriados
Dithmenos
Fedhas
Gozag
Hepliaklqana
Kikubaaqudgha
Makhleb
Nemelex Xobeh
Okawaru
Qazlal
Ru
Sif Muna
Trog
Uskayaw
Vehumet
Wu Jian
Xom
Yredelemnul
Jiyva

Shops:
D:10 ((*   D:12 :

Annotations:
D:9 2 transporters, Poopy's ghost, novice FeSu
D:12 1 runed translucent door, exclusion: 2 slime creatures, Erolcha; KineticRobot's ghost, journeyman OgFi
Lair:1 2 transporters, Mostiny's ghost, journeyman TrFi


Innate Abilities, Weirdness & Mutations

Your natural rate of healing is accelerated.
You have razor-sharp teeth.
You have supernaturally acute eyesight. (SInv)
You are afflicted with vampirism and can become a bat while bloodless.


Message History

The komodo dragon misses you.
You hear a croak.
You see here a potion of cancellation.
Unknown command.
Unknown command.
Unknown command.
Aiming: Throw Flame
Press: ? - help, Shift-Dir - straight line, f - merfolk avatar
Aim: a merfolk avatar (water, almost dead, mesmerising, 70% to hit)
The puff of flame misses the merfolk avatar.
The merfolk avatar is engulfed in a cloud of scalding steam.
The merfolk avatar chants its luring song.
The drowned soul touches you. The drowned soul drowns you!
* * * LOW HITPOINT WARNING * * *
The komodo dragon closely misses you.
Unknown command.
Unknown command.
Unknown command.
Unknown command.
Your unstable footing causes you to fumble your attack.
The komodo dragon is no longer blind.
Unknown command.
Unknown command.
You are confused.
You feel invigorated.
The merfolk avatar is engulfed in a cloud of scalding steam.
You are no longer entranced.
You kill the merfolk avatar!
The Council accepts your kill.
The drowned soul returns to the deep! x2; The komodo dragon barely misses you.
Training target 8.0 for Evocations reached!
Your Evocations skill increases to level 8!
Unknown command.
Unknown command.
Unknown command.
Unknown command.
The komodo dragon bites you but does no damage.
Unknown command.
The komodo dragon bites you!!
You die...

~~~~#~~#~ ##~~~~~~~ #~~~~~~~# ##
~ ...~# ~~#⌠ ~⌠#~~ ...~##~~#~~
~~.~~#~~#.....
....~~~~#~~~######~~~# P~~~~.....
.##~~~~~#~~~#[§)$#~~~#~~~~~#.....
..#.#~~~#~~~~:≈≈!~~~~#~~~#~......
...w#~.~#~~~#[≈≈@# ~#~~~P~P.....
...~~~P~#~.~#?!)l#~~~#~~~~~~.....
...~~~~~#.~~~#''##~~~~.~~~.~.....
†..~##~.#~..8~†~~.~~~#~.~~~~.....
.#.~##~~#⌠~~~~~~~~~~⌠#~~~~~......
P#~.~~~~#####~~~~#####.~~~~....†.
##..~~~~#8~~~~~~~~~~8#~~~~.~.....
....##~~#~P~#~8~~#~~~#~~##~......
...~#~.~#~~.~~~~~~~~~#~~##~......


You could see a komodo dragon.

Vanquished Creatures
  An eleionoma (Lair:1)
  5 hydras
  A merfolk avatar (Lair:5)
  2 boulder beetles (D:11)
  A two-headed ogre (D:11)
  Urug (D:11)
  2 skysharks
  Lodul (D:11)
  A harpy (Lair:5)
  A necromancer (IceCv)
  2 manticores
  8 elephants
  An ice statue (IceCv)
  A black mamba (Lair:5)
  A cyclops (D:11)
  A gargoyle (D:11)
  A torpor snail (Lair:1)
  17 cane toads
  An unseen horror (D:12)
  10 komodo dragons
  4 rime drakes
  5 freezing wraiths (IceCv)
  2 anaconda simulacra (IceCv)
  10 ice devils (IceCv)
  A queen bee (Lair:3)
  A polar bear (shapeshifter) (D:13)
  3 polar bears
  Grinder (D:5)
  3 hornets
  8 dream sheep
  16 blink frogs
  3 slime creatures (D:12)
  Sigmund (D:6)
  2 wraiths
  62 yaks
  A vampire (D:12)
  7 wyverns
  5 dire elephant simulacra (IceCv)
  6 vampire mosquitoes
  6 death yak simulacra (IceCv)
  5 basilisks
  3 steam dragons
  Menkaure (D:7)
  A harpy simulacrum (IceCv)
  3 nagas (Lair:2)
  18 water moccasins
  3 sky beasts
  4 ice beasts
  12 orc warriors
  11 ogres
  5 black bears
  16 wolves
  2 centaurs
  A gnoll sergeant (D:8)
  17 bullfrogs
  9 scorpions
  A two-headed ogre simulacrum (IceCv)
  5 cane toad simulacra (IceCv)
  6 wights (D:9)
  28 killer bees
  2 elephant simulacra (IceCv)
  8 howler monkeys
  An electric eel (Lair:3)
  3 jellies
  5 hounds
  A gnoll bouda (D:6)
  7 orc priests
  Crazy Yiuf (D:3)
  A sleepcap (D:4)
  Natasha (thrice) (D:2)
  4 iguanas
  8 orc wizards
  A troll simulacrum (IceCv)
  5 polar bear simulacra (IceCv)
  A spriggan simulacrum (IceCv)
  2 wolf simulacra (IceCv)
  Robin (D:3)
  9 gnolls
  6 adders
  A naga simulacrum (IceCv)
  2 shadow imps
  15 white imps
  8 ufetubi
  3 worms
  2 dart slugs
  33 orcs
  3 endoplasms
  8 giant cockroaches
  14 goblins
  14 hobgoblins
  8 jackals (D:1)
  2 quokkas
  3 training dummies (D:10)
  6 ball pythons
  6 bats
  2 frilled lizards
  4 kobolds
  6 rats
  2 butterflies
568 creatures vanquished.

Vanquished Creatures (collateral kills)
  A two-headed ogre (D:5)
  An orc warrior (Bailey)
  An ogre (D:4)
  4 wights (D:9)
  2 orcs (D:8)
9 creatures vanquished.

Vanquished Creatures (others)
  7 dancing weapons
7 creatures vanquished.

Grand Total: 584 creatures vanquished

Notes
Turn   | Place    | Note
-------+----------+-------------------------------------------
     0 | D:1      | tilp the Vampire Enchanter began the quest for the Orb.
     0 | D:1      | Reached XP level 1. HP: 13/13 MP: 3/3
   142 | D:1      | Reached XP level 2. HP: 14/20 MP: 5/5
   155 | D:1      | Learned a level 2 spell: Ensorcelled Hibernation
   583 | D:1      | Reached skill level 1 in Fighting
   675 | D:1      | Gained mutation: You are afflicted with vampirism and can
                  | become a bat while bloodless. [Vampire growth]
   675 | D:1      | Reached XP level 3. HP: 11/26 MP: 1/6
   679 | D:1      | Learned a level 3 spell: Confusing Touch
  1697 | D:2      | Noticed Natasha
  1706 | D:2      | Killed Natasha
  1707 | D:2      | Reached XP level 4. HP: 23/32 MP: 4/7
  1803 | D:2      | Noticed Natasha
  2126 | D:2      | Killed Natasha
  2127 | D:2      | Reached skill level 5 in Stealth
  2191 | D:2      | Noticed Natasha
  2196 | D:2      | Killed Natasha
  2197 | D:2      | Reached skill level 5 in Hexes
  2197 | D:2      | Reached XP level 5. HP: 38/38 MP: 5/8
  2957 | D:3      | Found a runed translucent door.
  2958 | D:3      | Noticed Crazy Yiuf
  2965 | D:3      | Killed Crazy Yiuf
  3219 | D:3      | Noticed Robin
  3246 | D:3      | Killed Robin
  3334 | D:3      | Learned a level 3 spell: Tukima's Dance
  3881 | D:4      | Noticed an ogre
  4201 | D:4      | Reached XP level 6. HP: 44/46 MP: 7/10
  4596 | D:5      | Entered Level 5 of the Dungeon
  4649 | D:5      | Noticed Grinder
  4652 | D:5      | Paralysed by Grinder for 5 turns
  4758 | D:5      | Reached skill level 6 in Stealth
  4839 | D:5      | Reached XP level 7. HP: 52/52 MP: 8/11
  4843 | D:5      | Learned a level 3 spell: Dazzling Flash
  5028 | D:5      | Noticed a two-headed ogre
  5049 | D:5      | Killed a two-headed ogre
  5050 | D:5      | Reached skill level 5 in Short Blades
  5050 | D:5      | Reached skill level 7 in Stealth
  5050 | D:5      | Reached XP level 8. HP: 37/60 MP: 1/13
  5395 | D:5      | Killed Grinder
  6931 | D:6      | Reached skill level 5 in Fighting
  6967 | D:6      | Found a sacrificial altar of Ru.
  7174 | D:6      | Reached skill level 8 in Stealth
  7388 | D:6      | Reached XP level 9. HP: 68/68 MP: 15/15
  7863 | D:6      | Noticed Sigmund
  7872 | D:6      | Killed Sigmund
  8110 | D:7      | Reached skill level 9 in Stealth
  8168 | D:7      | Found a staircase to the Ecumenical Temple.
  8181 | D:7      | Reached skill level 5 in Spellcasting
  8221 | Temple   | Entered the Ecumenical Temple
  8233 | Temple   | Became a worshipper of the Wu Jian Council
  8311 | D:7      | Noticed Menkaure
  8319 | D:7      | Killed Menkaure
  9060 | Bailey   | Identified the of Ajis
  9069 | D:7      | Reached skill level 10 in Stealth
  9236 | D:8      | Found a flagged portal.
  9278 | D:8      | Reached XP level 10. HP: 52/76 MP: 6/17
  9297 | Bailey   | Entered a bailey
  9626 | Bailey   | Reached * piety under Wu Jian
 10445 | D:8      | Reached skill level 10 in Hexes
 10659 | D:8      | Found a runed translucent door.
 10715 | D:8      | Found a runed translucent door.
 10781 | D:8      | Reached skill level 10 in Short Blades
 11360 | D:8      | Reached skill level 1 in Evocations
 11376 | D:8      | Reached ** piety under Wu Jian
 11506 | D:8      | Reached skill level 1 in Conjurations
 11540 | D:8      | Identified the +4 quarterstaff of the Maze {flame, rElec
                  | Int+6}
 11770 | D:9      | Reached skill level 1 in Ice Magic
 11979 | D:9      | Found a transporter.
 12046 | D:9      | Noticed Poopy's ghost (novice FeSu)
 12228 | D:9      | Found a staircase to the Lair.
 12256 | D:9      | Reached XP level 11. HP: 83/83 MP: 10/19
 12855 | D:9      | Found a transporter.
 13091 | D:10     | Entered Level 10 of the Dungeon
 13246 | D:10     | Reached skill level 5 in Dodging
 13342 | D:10     | Found Vidof's Firing Range.
 13419 | D:10     | Reached *** piety under Wu Jian
 13535 | D:10     | You fall into a shaft and drop 3 floors!
 13573 | D:13     | Reached skill level 11 in Stealth
 14183 | D:12     | Found a shimmering blue altar of Sif Muna.
 14183 | D:12     | Noticed Erolcha
 14209 | D:12     | Noticed a walking earthen tome
 14211 | D:12     | Found Qodest's Book Shop.
 14240 | D:12     | Found a runed translucent door.
 14240 | D:12     | Noticed KineticRobot's ghost (journeyman OgFi)
 14264 | D:11     | Noticed Urug
 14264 | D:11     | Noticed a boulder beetle
 14277 | D:11     | Killed a boulder beetle
 14299 | D:10     | Found Taemmuco's Assorted Antiques.
 14307 | D:10     | Bought a pair of embroidered gloves for 262 gold pieces
 14432 | D:10     | Found Heogaaw's Weapon Boutique.
 15276 | D:11     | Reached **** piety under Wu Jian
 15325 | D:11     | Noticed a two-headed ogre
 15334 | D:11     | Killed a two-headed ogre
 15335 | D:11     | Reached skill level 12 in Stealth
 15449 | D:11     | Identified the scarf of the Lonely Seers {harm, Str+3}
 15455 | D:11     | Found a staircase to the Orcish Mines.
 15552 | D:11     | Killed Urug
 15553 | D:11     | Reached XP level 12. HP: 55/94 MP: 2/21
 15787 | D:11     | Noticed Lodul
 16292 | D:11     | Killed Lodul
 16525 | D:11     | Noticed a boulder beetle
 16532 | D:11     | Killed a boulder beetle
 16792 | D:14     | Identified the of Tow Ennu
 16792 | D:15     | Identified the of Pitoppee
 16792 | IceCv    | Identified the "Loycatid"
 16792 | Lair:1   | Entered Level 1 of the Lair of Beasts
 16993 | Lair:1   | Reached skill level 10 in Fighting
 17193 | Lair:1   | Reached ***** piety under Wu Jian
 17210 | Lair:1   | Found a frozen archway.
 17325 | IceCv    | Entered an ice cave
 17329 | IceCv    | Reached skill level 1 in Armour
 18019 | IceCv    | Found an ancient bone altar of Kikubaaqudgha.
 18569 | IceCv    | Reached XP level 13. HP: 75/104 MP: 17/23
 18572 | IceCv    | Reached skill level 5 in Evocations
 19527 | IceCv    | Learned a level 3 spell: Stone Arrow
 20030 | IceCv    | Identified the ring "Orcha" {+Blink rElec rN+ Str+3}
 20109 | Lair:1   | Noticed Mostiny's ghost (journeyman TrFi)
 20115 | Lair:1   | Found a transporter.
 20117 | Lair:1   | Found a transporter.
 21396 | Lair:2   | Found a staircase to the Swamp.
 21396 | Lair:2   | Noticed an eleionoma
 21458 | Lair:1   | Killed an eleionoma
 21661 | Lair:2   | Reached skill level 13 in Stealth
 21853 | Lair:2   | Found a staircase to the Snake Pit.
 23026 | Lair:3   | Identified the +5 chain mail "Zuitidur" {Int+6}
 24190 | Lair:3   | Reached ****** piety under Wu Jian
 24431 | Lair:3   | Upgraded the game from 0.31-a0-1005-gfbdfbacc72 to
                  | 0.31-a0-1008-g5b978dac0e
 24483 | Lair:4   | Reached XP level 14. HP: 113/113 MP: 23/26
 24697 | Lair:4   | Found a staircase to the Slime Pits.
 24697 | Lair:4   | Found a viscous altar of Jiyva.
 25692 | Lair:5   | Entered Level 5 of the Lair of Beasts
 26384 | Lair:5   | Reached skill level 14 in Stealth
 27008 | Lair:5   | Slain by a komodo dragon

Illustrated notes

Levels and vault maps discovered:
D:1:      sevenhm_arrival_forest_fort_small_4, layout_loops_ring
D:2:      layout_basic, kennysheep_nondescript, serial_bayou_ford_a,
          uniq_natasha
D:3:      layout_loops_ring, uniq_robin, uniq_crazy_yiuf_cottage
D:4:      layout_basic, serial_corexii_hall, corexii_hall_statues_l,
          corexii_hall_statues_i
D:5:      layout_basic, nicolae_titane, uniq_grinder
D:6:      layout_basic, kennysheep_mini_moat, minmay_joined_circles,
          uniq_sigmund
D:7:      layout_basic, minmay_temple_entry_offerings, uniq_menkaure
D:8:      lemuel_insect_pit, layout_basic, enter_bailey_2,
          kennysheep_generic_room_5
D:9:      layout_irregular_city, lair_entry_dummy, gammafunk_ghost_stat_death,
          glass_columns_a
D:10:     layout_long_grid, serial_shops, shop, shop, minmay_misc_feat_square,
          kennysheep_another_room, nicolae_shop_firing_range
D:11:     layout_cave_pools, hiddenorc1_lemuel, uniq_lodul, uniq_urug
D:12:     layout_loops_ring, serial_shops, nicolae_shop_mannequins,
          hellmonk_ghost_big_iron, hellmonk_sif_muna_bookshelves, uniq_erolcha
D:13:     layout_gridville, david_vaults_3, uniq_rupert, uniq_josephine
Temple:   mainiacjoe_temple_archimedes_tessellation
Lair:1:   layout_layer_cave, portal_ice_cave_entry_imps, gammafunk_ghost_hive,
          grunt_megastairs_4
Lair:2:   layout_misc_corridors, alex1729_swamp_entry_worm_eleionoma,
          minmay_snake_entry_guardpost_small, chequers_serial_rivers_micro_a
Lair:3:   layout_small_grid, special_room [special_room_bee],
          serial_bayou_lake_a, grunt_megastairs_1
Lair:4:   layout_layer_cave, slime_entry_1, lemuel_fruit_tree,
          lemuel_fruit_fields
Lair:5:   gammafunk_lair_ancient_temple, layout_cellular_growth

Skill      XL: |  1  2  3  4  5  6  7  8  9 10 11 12 13 14 |
---------------+-------------------------------------------+-----
Fighting       | 1 2 3 4 5 6 8 10 11 12 | 12.0
Short Blades   | 2 3 4 5 6 8 10 | 10.0
Stealth        | 5 6 7 8 10 12 13 14 | 14.2
Hexes          | 5 6 7 9 10 11 12 13 | 13.8
Dodging        | 3 4 6 8 9 |  9.9
Spellcasting   | 3 4 5 6 7 8 |  8.4
Evocations     | 2 4 6 8 |  8.0
Conjurations   | 2 |  2.0
Ice Magic      | 2 3 4 |  4.0
Armour         | 1 3 4 |  4.2

Action                     |  1- 3 |  4- 6 |  7- 9 | 10-12 | 13-15 || total
---------------------------+-------+-------+-------+-------+-------++-------
  Melee: Dagger            |   152 |   116 |   219 |   883 |   693 ||  2063
         Bite              |    16 |     9 |    27 |   146 |   129 ||   327
         Punch             |     1 |     2 |     7 |     9 |     8 ||    27
   Cast: Ensorcelled Hiber |    25 |    32 |    66 |   142 |   198 ||   463
         Confusing Touch   |     2 |     3 |    20 |    59 |    41 ||   125
         Tukima's Dance    |       |     1 |     5 |    22 |       ||    28
         Dazzling Flash    |       |       |     2 |    23 |    18 ||    43
         Stone Arrow       |       |       |       |       |     5 ||     5
Ability: Lunge             |       |       |     7 |    86 |    54 ||   147
         Whirlwind         |       |       |       |    26 |    47 ||    73
  Evoke: Wand              |       |       |       |     4 |     8 ||    12
    Use: Potion            |     2 |       |       |     1 |     5 ||     8
         Scroll            |     4 |     5 |     6 |     5 |     3 ||    23
   Stab: Invisible         |     2 |       |     1 |    17 |     9 ||    29
         Sleeping          |    19 |    29 |    40 |   120 |   145 ||   353
         Confused          |     1 |     2 |    15 |    59 |    41 ||   118
 Armour: Robe              |    56 |    37 |   101 |   235 |   216 ||   645
         Leather armour    |       |       |       |    79 |   121 ||   200
  Dodge: Dodged            |   144 |    68 |   246 |   467 |   424 ||  1349

Table legend: (Time is in decaauts)
 A = Elapsed time spent in this place.
 B = Non-inter-level travel time spent in this place.
 C = Inter-level travel time spent in this place.
 D = Time resting spent in this place.
 E = Time spent auto-exploring this place.
 F = Levels seen in this place.
 G = Mean time per level.
                   A        B        C        D        E       F      G
               +--------+--------+--------+--------+--------+-----+--------+
         Total |  26400 |  25318 |   1082 |   6207 |  13543 |  21 | 1257.1 |
       Dungeon |  15485 |  14757 |    728 |   2742 |   9173 |  13 | 1191.2 |
        Temple |     24 |      1 |     23 |      0 |      0 |   1 |   24.0 |
          Lair |   7306 |   6976 |    330 |   1291 |   3887 |   5 | 1461.2 |
        Bailey |    979 |    979 |      0 |    637 |    144 |   1 |  979.0 |
      Ice Cave |   2603 |   2603 |      0 |   1537 |    338 |   1 | 2603.0 |
               +--------+--------+--------+--------+--------+-----+--------+

Top non-repeatable levels by time:
   IceCv: 2603 daAuts
  Lair:1: 1904 daAuts
     D:5: 1892 daAuts
  Lair:3: 1773 daAuts
    D:10: 1569 daAuts
     D:2: 1535 daAuts
  Lair:4: 1509 daAuts
     D:8: 1443 daAuts
     D:9: 1438 daAuts
    D:11: 1307 daAuts
     D:6: 1251 daAuts
     D:1: 1204 daAuts
  Lair:2: 1125 daAuts
     D:7: 1118 daAuts
     D:3: 1111 daAuts
